 Dungeon Crawl Stone Soup version 0.31-a0-1612-g4aaf141004 (webtiles) character file.

Game seed: 16667853590051224841

501 zenocrate the Sneak (level 7, -1/32 HPs)
             Began as a Vine Stalker Enchanter on Jan 9, 2024.
             Was an Initiate of Gozag.
             Slain by a gnoll
             ... wielding a +0 spear
             ... led by a gnoll sergeant
              (4 damage)
             ... on level 5 of the Dungeon.
             The game lasted 00:05:13 (3245 turns).

zenocrate the Sneak (Vine Stalker Enchanter)        Turns: 3245, Time: 00:05:14

Health: -1/32      AC:  5    Str: 11    XL:     7   Next: 17%
Magic:  0/11       EV: 12    Int: 15    God:    Gozag
Gold:   189        SH:  0    Dex: 16    Spells: 2/10 levels left

rFire   . . .        a - +11 dagger of Helesch {spect, rCorr SInv}
rCold   . . .        (no shield)
rNeg    . . .        o - +2 robe {Will+}
rPois   .            (no helmet)
rElec   .            (no cloak)
rCorr   +            m - +0 pair of gloves
SInv    +            (no boots)
Will    .....        (no amulet)
Stlth   +++          j - ring of flight
HPRegen 1.05/turn    (no ring)
MPRegen 0.12/turn

%: guardian spirit
@: lethally poisoned (-1 -> -2), weak-willed, flying, invisible
A: fangs 2, regeneration 1, magic shield, antimagic bite, no potion heal 2
a: Renounce Religion, Potion Petition, Call Merchant, Bribe Branch


You were on level 5 of the Dungeon.
You worshipped Gozag.
Gozag was aware of your devotion.
You visited 2 branches of the dungeon, and saw 6 of its levels.

You collected 252 gold pieces.
You paid 63 gold pieces to Gozag.

Inventory:

Hand Weapons
 a - the +11 dagger of Helesch (weapon) {spect, rCorr SInv}
   (You found it on level 3 of the Dungeon)

   SInv:      It lets you see invisible.
   rCorr:     It protects you from acid and corrosion.
 b - a +2 dagger of draining
 k - a +1 dagger
Armour
 m - a +0 pair of gloves (worn)
 o - a +2 robe of willpower (worn)
Jewellery
 j - a ring of flight (left hand)
Wands
 p - a wand of flame (15)
Scrolls
 i - a scroll of vulnerability
 l - a scroll of fog {unknown}
 q - a scroll of teleportation
 r - a scroll of immolation {unknown}
Potions
 c - 2 potions of invisibility
 d - 2 potions of brilliance
 e - a potion of heal wounds {unknown}
 n - a potion of curing {unknown}
 s - a potion of haste {unknown}


   Skills:
 + Level 3.5 Short Blades
 - Level 0.6 Armour
 - Level 1.5 Dodging
 + Level 5.6 Stealth
 - Level 2.1 Spellcasting
 + Level 4.4 Hexes
 + Level 2.8 Ice Magic
 + Level 1.6 Evocations


You had 2 spell levels left.
You knew the following spells:

 Your Spells              Type           Power      Damage    Failure   Level
a - Ensorcelled Hibernat  Hex/Ice        24%        N/A       8%          2
b - Confusing Touch       Hex            14%        N/A       11%         3
c - Tukima's Dance        Hex            14%        N/A       11%         3

Your spell library contained the following spells:

 Spells                   Type           Power      Damage    Failure   Level
 Sting                    Conj/Alch      4%         1d3       22%         1
 Mercury Vapours          Alch/Air       2%         N/A       32%         2
 Dazzling Flash           Conj/Hex       16%        N/A       26%         3
 Olgreb's Toxic Radiance  Alch           1%         N/A       91%         4


Dungeon Overview and Level Annotations

Branches:
Dungeon (5/15)             Temple (1/1) D:4

Altars:
Ashenzari
Cheibriados
Dithmenos
Elyvilon
Gozag
Hepliaklqana
Kikubaaqudgha
Makhleb
Okawaru
Sif Muna
Trog
Uskayaw
Yredelemnul
Zin
The Shining One


Innate Abilities, Weirdness & Mutations

You have extremely sharp teeth.
Your natural rate of healing is unusually fast.
When hurt, damage is shared between your health and your magic reserves.
Your bite disrupts and absorbs the magic of your enemies.
Potions cannot restore your health.


Message History

As you read the scroll labelled RESUNO JUERYNG, it crumbles to dust.
A wave of despondency washes over your surroundings.
It was a scroll of vulnerability.
As you read the scroll labelled PUTOIW GARIALY, it crumbles to dust.
You feel strangely unstable.
It was a scroll of teleportation.
Blink to where?
Press: ? - help, Dir - move target
As you read the scroll labelled IJADIXK VEGAU, it crumbles to dust.
It was a scroll of blinking.
As you read the scroll labelled RIUMIE MINA, it crumbles to dust.
You assume a fearsome visage.
Nothing appears to happen.
It was a scroll of fear.
As you read the scroll labelled CINKAF BESIZA, it crumbles to dust.
It is a scroll of identify.
d - 2 potions of brilliance Your surroundings suddenly seem different.
A quokka, a centaur, a gnoll sergeant and 5 gnolls come into view.
The gnoll sergeant is wielding a +1 spear of venom.
A gnoll is wielding a +0 whip and quivering a throwing net.
A gnoll is wielding a +0 club and quivering a throwing net.
A gnoll is wielding a +0 spear of venom.
Found a ring mail and 8 gold pieces.
Found a stone staircase leading down.
The gnoll shouts! x3; The centaur shouts!
The centaur wields a +0 shortbow.
The centaur shoots an arrow.
The arrow hits you.
The gnoll shouts!
The gnoll shouts!
The centaur shoots an arrow.
The arrow hits you!
The gnoll sergeant shouts!
Found 4 stones.
The centaur shoots an arrow.
The arrow hits you.
The gnoll hits you from afar with a +0 spear of venom!
You are poisoned.
The gnoll barely misses you.
Okay, then.
You fade into invisibility!
You feel very sick.
The centaur shoots an arrow.
The arrow hits you!
* * * LOW HITPOINT WARNING * * *
The gnoll throws a throwing net.
The throwing net closely misses the gnoll. x2
The throwing net closely misses you. The gnoll hits you with a +0 spear.
You die...
Your body crumbles into a pile of gold.

#........# .(..
........[..!
.....#.
...####.#..#
.....$..# ..
#....# ......g.#
. #..#.#
....g.g.## #.# .#
.........## #+
......gg..###...#
.......rg@....8..
..........###...#
.........## +
........##
>.......#
###[..c.# #.....#
#...... ##....#


You could see a gnoll sergeant (unable to see you), a centaur (unable to see
you), 5 gnolls and a quokka (unable to see you).

Vanquished Creatures
  2 ogres (D:4)
  A scorpion (D:4)
  A hound (D:4)
  An iguana (D:4)
  Jessica (D:3)
  Natasha (D:3)
  An orc wizard (D:3)
  4 adders
  A white imp (D:4)
  2 dart slugs
  2 ribbon worms (D:2)
  3 orcs
  6 endoplasms
  5 giant cockroaches
  8 goblins
  5 hobgoblins
  5 jackals (D:4)
  13 kobolds
  7 quokkas
  5 ball pythons
  8 bats
  7 frilled lizards
  7 rats
96 creatures vanquished.

Notes
Turn   | Place    | Note
-------+----------+-------------------------------------------
     0 | D:1      | zenocrate the Vine Stalker Enchanter began the quest for
                  | the Orb.
     0 | D:1      | Reached XP level 1. HP: 9/9 MP: 4/4
    29 | D:1      | Reached skill level 1 in Short Blades
    46 | D:1      | Reached XP level 2. HP: 8/13 MP: 1/6
   106 | D:1      | Learned a level 2 spell: Ensorcelled Hibernation
   248 | D:1      | Found a faded altar of an unknown god.
   297 | D:1      | Reached skill level 4 in Stealth
  1024 | D:2      | Reached XP level 3. HP: 14/14 MP: 7/7
  1125 | D:2      | Learned a level 3 spell: Confusing Touch
  1176 | D:2      | Reached skill level 1 in Ice Magic
  1288 | D:2      | Reached XP level 4. HP: 21/21 MP: 3/8
  1768 | D:2      | Found a shimmering blue altar of Sif Muna.
  2009 | D:3      | Identified the +11 dagger of Helesch {spect, rCorr SInv}
  2233 | D:3      | Found a bloodstained altar of Trog.
  2248 | D:3      | Noticed Jessica
  2253 | D:3      | Killed Jessica
  2254 | D:3      | Reached XP level 5. HP: 24/24 MP: 9/9
  2385 | D:3      | Noticed Natasha
  2392 | D:3      | Killed Natasha
  2553 | D:3      | Learned a level 3 spell: Tukima's Dance
  2700 | D:4      | Noticed an ogre
  2705 | D:4      | Killed an ogre
  2706 | D:4      | Reached skill level 5 in Stealth
  2706 | D:4      | Reached XP level 6. HP: 18/28 MP: 5/10
  2789 | D:4      | Reached skill level 1 in Evocations
  2856 | D:4      | Found a staircase to the Ecumenical Temple.
  2927 | Temple   | Entered the Ecumenical Temple
  2950 | Temple   | Became a worshipper of Gozag Ym Sagoz the Greedy
  3033 | D:4      | Reached XP level 7. HP: 28/32 MP: 9/11
  3237 | D:5      | Entered Level 5 of the Dungeon
  3245 | D:5      | Slain by a gnoll

Illustrated notes

Levels and vault maps discovered:
D:1:      dpeg_arrival_shelter, layout_basic, ebering_ecumenical_altar_hall
D:2:      layout_basic, basic_altar
D:3:      minmay_inner_zag, layout_basic, mainiacjoe_overflow_chevrons,
          grunt_ministairs_12, kennysheep_generic_room_14, uniq_jessica,
          uniq_natasha
D:4:      layout_cave_pools, temple_hall, st_stairs_1, minivault_4
D:5:      cheibrodos_barr_body, layout_rooms, mainiacjoe_overflow_tiny_flanked,
          gammafunk_ghost_hive, enter_ossuary_1
Temple:   minmay_temple_curvy_branch

Skill      XL: |  1  2  3  4  5  6 |
---------------+-------------------+-----
Short Blades   | 1 2 3 |  3.5
Stealth        | 4 5 |  5.6
Ice Magic      | 1 2 |  2.8
Hexes          | 4 |  4.4
Evocations     | 1 |  1.6
Armour         | |  0.6
Dodging        | |  1.5
Spellcasting   | |  2.1

Action                     |  1- 3 |  4- 6 |  7- 9 || total
---------------------------+-------+-------+-------++-------
  Melee: Dagger            |    93 |    92 |     5 ||   190
         Bite              |    23 |    21 |     1 ||    45
   Cast: Ensorcelled Hiber |     3 |       |       ||     3
         Confusing Touch   |       |     1 |       ||     1
    Use: Scroll            |       |       |     5 ||     5
         Potion            |       |       |     1 ||     1
   Stab: Sleeping          |     9 |    14 |     1 ||    24
         Distracted        |       |     1 |       ||     1
 Armour: Robe              |    47 |    19 |     8 ||    74
  Dodge: Dodged            |    53 |    32 |     4 ||    89

Table legend: (Time is in decaauts)
 A = Elapsed time spent in this place.
 B = Non-inter-level travel time spent in this place.
 C = Inter-level travel time spent in this place.
 D = Time resting spent in this place.
 E = Time spent auto-exploring this place.
 F = Levels seen in this place.
 G = Mean time per level.
                   A        B        C        D        E       F      G
               +--------+--------+--------+--------+--------+-----+--------+
         Total |   3224 |   3023 |    201 |      0 |   2369 |   6 |  537.3 |
       Dungeon |   3179 |   3021 |    158 |      0 |   2369 |   5 |  635.8 |
        Temple |     45 |      2 |     43 |      0 |      0 |   1 |   45.0 |
               +--------+--------+--------+--------+--------+-----+--------+

Top non-repeatable levels by time:
     D:1: 1010 daAuts
     D:2: 861 daAuts
     D:3: 684 daAuts
     D:4: 614 daAuts
  Temple: 45 daAuts
     D:5: 7 daAuts
